Map: Oxide LE

Players

Epic - Winner!

  • Race: Terran Terran
  • League: Grandmaster
  • Spawn Location: 1:00

TLO

  • Race: Zerg Zerg
  • League: Master
  • Spawn Location: 7:00

Event: DreamHack SC2 Masters 2020 Winter

VOD

Have the link to the VOD?

Description

Time

  • Played on: Oct. 31, 2020, 5 p.m.
  • Length: 10:22

All games in this series

Show
View Real Time Build Order
Export as new Build Order

Epic Terran - Winner!

Build Orders: Reaper Expand, Hellion Banshee 

Get SALT Encoding   

  12  0:00  SCV  
  13  0:12  SCV  
  14  0:17  Supply Depot  
  14  0:24  SCV  
  15  0:38  SCV  
  15  0:39  Barracks  
  15  0:42  Refinery  
  16  0:50  SCV  
  17  1:02  SCV  
  18  1:14  SCV  
  19  1:26  Orbital Command  
  19  1:27  Reaper  
  20  1:39  Command Center  
  20  1:46  Supply Depot  
  20  1:52  SCV  
  21  1:59  Marine  
  22  2:04  SCV  
  23  2:10  Factory  
  23  2:14  Refinery  
  23  2:16  SCV  
  23  2:20  Barracks Reactor  
  24  2:28  SCV  
  25  2:40  SCV  
  26  2:54  SCV  
  26  2:55  Orbital Command  
  26  2:56  Starport  
  27  3:04  Hellion  
  27  3:05  Hellion  
  31  3:06  SCV  
  31  3:09  Barracks Tech Lab  
  31  3:11  Supply Depot  
  32  3:18  SCV  
  33  3:21  SCV  
  33  3:26  Hellion x2  
  38  3:32  SCV  
  38  3:33  SCV  
  40  3:38  Cloaking Field, Banshee  
  42  3:45  SCV x2  
  42  3:47  Hellion x2  
  48  3:50  Supply Depot  
  48  3:57  SCV  
  48  3:58  SCV  
  50  4:09  SCV  
  51  4:10  SCV  
  51  4:13  Command Center  
  52  4:17  Supply Depot  
  52  4:21  Barracks Tech Lab  
  52  4:22  Banshee  
  52  4:23  SCV x2  
  57  4:33  Barracks  
  57  4:36  SCV x2  
  59  4:41  Barracks, Stimpack  
  59  4:43  Supply Depot  
  59  4:45  Factory Reactor  
  59  4:48  SCV x2  
  61  4:54  Engineering Bay  
  61  4:56  Engineering Bay  
  61  5:00  SCV x2  
  63  5:07  Supply Depot  
  63  5:12  SCV x2, Refinery x2, Starport Reactor  
  65  5:21  Marine x2  
  65  5:22  Marine  
  65  5:24  SCV x2  
  65  5:27  Orbital Command  
  65  5:28  Terran Infantry Armor Level 1, Terran Infantry Weapons Level 1  
  70  5:36  SCV x2, Siege Tank  
  70  5:39  Marine x3  
  78  5:43  Marine x2  
  78  5:48  Supply Depot, SCV x2  
  82  5:56  Medivac  
  82  5:57  Medivac, Marine x3  
  86  6:00  SCV x2  
  86  6:04  Orbital Command  
  92  6:09  Siege Tank  
  94  6:13  Marine x2, Barracks  
  94  6:15  Marine x3  
  94  6:16  Barracks  
  99  6:18  SCV x2  
  99  6:23  Armory  
  101  6:30  Supply Depot, Medivac  
  101  6:31  Marine  
  104  6:38  SCV x3  
  104  6:39  Marine x4  
  104  6:42  Siege Tank  
  108  6:51  Supply Depot x2, Medivac  
  108  6:52  Supply Depot  
  108  6:53  SCV x3  
  108  7:02  Marine x4  
  108  7:04  Barracks Reactor  
  108  7:06  Barracks Reactor  
  108  7:08  SCV x3  
  115  7:10  Supply Depot x2  
  115  7:19  Barracks  
  115  7:20  Siege Tank, Marine x2  
  115  7:21  Marine, Barracks  
  115  7:22  Marine x2, Barracks  
  120  7:27  Supply Depot  
  120  7:28  Supply Depot  
  122  7:32  Medivac  
  125  7:38  Marine  
  125  7:39  Marine x2  
  125  7:40  Marine  
  129  7:44  Terran Infantry Weapons Level 2  
  129  7:47  Command Center  
  129  7:48  Terran Infantry Armor Level 2  
  129  7:51  Supply Depot  
  127  7:53  Supply Depot  
  127  7:54  Marine x5  
  132  7:59  Siege Tank  
  132  8:00  Marine x4  
  139  8:12  Marine x3  
  143  8:13  Barracks Reactor  
  143  8:14  Barracks Reactor x2  
  143  8:19  Supply Depot  
  141  8:20  Supply Depot  
  141  8:22  Marine x6  
  146  8:29  Medivac, Marine  
  146  8:30  Marine  
  146  8:32  Medivac  
  150  8:40  Combat Shield  
  149  8:41  Marine x7  
  149  8:47  Marine x2  
  158  8:53  Siege Tank  
  158  8:55  Marine x5  
  164  8:56  Marine, Refinery  
  164  8:59  Marine x7  
  172  9:05  Marine x2  
  174  9:13  Marine x5  
  174  9:14  Marine, Command Center  
  174  9:16  Medivac  
  174  9:17  Medivac, Marine x3  
  187  9:24  Marine x6  
  187  9:30  Marine  
  187  9:31  Marine x2  
  199  9:32  Refinery  
  199  9:33  Marine  
  200  9:44  Planetary Fortress  
  198  9:46  SCV x2  
  192  9:54  Marine x6, Marauder  
  200  10:05  Missile Turret  
Show
View Real Time Build Order
Export as new Build Order

TLO Zerg 

Build Orders: Hatch First 

Get SALT Encoding   

  12  0:00  Drone  
  13  0:12  Overlord  
  13  0:16  Drone  
  14  0:30  Drone x2  
  16  0:47  Hatchery  
  15  0:51  Drone  
  15  0:54  Drone  
  17  0:58  Drone  
  18  1:05  Extractor  
  17  1:13  Spawning Pool  
  17  1:16  Drone  
  17  1:19  Drone  
  18  1:28  Drone  
  19  1:38  Drone  
  20  1:49  Drone  
  21  1:59  Queen x2  
  21  2:00  Zergling x2  
  26  2:02  Zergling x2  
  26  2:04  Metabolic Boost  
  27  2:10  Overlord  
  27  2:13  Drone  
  28  2:21  Overlord  
  28  2:28  Drone  
  28  2:33  Drone  
  28  2:39  Hatchery  
  28  2:41  Drone  
  28  2:43  Drone  
  29  2:46  Drone  
  30  2:53  Queen  
  31  2:58  Drone x2  
  31  3:05  Drone  
  34  3:06  Drone  
  34  3:07  Drone x2  
  34  3:09  Drone  
  38  3:15  Zergling x2  
  38  3:19  Queen  
  39  3:22  Zergling x2  
  39  3:26  Drone  
  39  3:27  Drone  
  44  3:36  Overlord  
  44  3:37  Overlord  
  44  3:45  Overlord  
  44  3:48  Overlord  
  44  3:50  Queen  
  44  3:51  Evolution Chamber  
  44  3:52  Overlord  
  44  3:53  Drone  
  44  3:55  Drone  
  47  3:58  Drone  
  47  4:00  Drone  
  47  4:01  Drone  
  47  4:02  Drone  
  51  4:06  Queen  
  51  4:09  Drone  
  54  4:10  Drone  
  54  4:11  Drone  
  54  4:13  Drone  
  54  4:16  Drone  
  58  4:17  Zergling x2  
  58  4:18  Drone  
  58  4:20  Drone  
  58  4:22  Drone  
  62  4:24  Zergling x2  
  62  4:28  Evolution Chamber  
  62  4:31  Spore Crawler  
  62  4:34  Spore Crawler  
  62  4:35  Drone, Spore Crawler  
  62  4:36  Drone  
  62  4:38  Zergling x2  
  62  4:39  Spore Crawler  
  62  4:40  Drone  
  62  4:42  Drone  
  62  4:45  Drone x2  
  64  4:47  Drone x2  
  67  4:53  Zerg Ground Armor Level 1  
  67  4:54  Zerg Melee Weapons Level 1  
  67  4:57  Drone  
  67  4:59  Drone  
  70  5:00  Drone  
  70  5:02  Zergling x2  
  70  5:03  Drone x2  
  70  5:05  Zergling x2  
  75  5:07  Drone  
  75  5:09  Extractor  
  75  5:11  Zergling x2  
  75  5:12  Extractor  
  74  5:15  Zergling x8  
  74  5:18  Overlord  
  78  5:22  Queen, Overlord  
  78  5:26  Lair  
  78  5:27  Drone  
  81  5:28  Overlord  
  81  5:29  Drone  
  81  5:31  Overlord  
  81  5:33  Overlord  
  81  5:36  Drone  
  81  5:37  Drone x2  
  81  5:42  Drone x2  
  85  5:43  Drone  
  85  5:47  Drone  
  85  5:49  Baneling Nest, Zergling x4  
  88  5:51  Zergling x2  
  88  5:52  Zergling x2  
  88  5:55  Drone x2  
  92  5:57  Drone  
  92  5:59  Zergling x2  
  89  6:04  Drone  
  89  6:07  Zergling x2  
  89  6:08  Zergling x2  
  89  6:09  Zergling x6  
  89  6:11  Hatchery  
  94  6:15  Zergling x2  
  94  6:17  Zergling x2  
  96  6:19  Zergling x2  
  96  6:21  Zergling x6  
  96  6:23  Zergling x2  
  96  6:25  Zergling x2  
  102  6:27  Zergling x2  
  102  6:28  Zergling x2  
  102  6:29  Zergling x2  
  102  6:31  Zergling x2  
  102  6:36  Zergling x2  
  102  6:37  Centrifical Hooks  
  102  6:39  Zergling x2  
  103  6:41  Zergling x2  
  103  6:42  Baneling x2  
  103  6:43  Baneling x3, Zergling x2  
  103  6:45  Drone x2  
  107  6:48  Hydralisk Den  
  107  6:52  Zergling x4  
  109  6:54  Zergling x2  
  109  6:55  Zergling x2  
  109  6:57  Zergling x2  
  109  6:58  Zergling x2  
  109  6:59  Zergling x4  
  109  7:00  Zergling x2  
  106  7:03  Hatchery, Zergling x2  
  106  7:05  Zerg Ground Armor Level 2  
  106  7:07  Drone, Extractor  
  105  7:11  Zerg Melee Weapons Level 2  
  105  7:12  Extractor  
  105  7:14  Drone  
  105  7:18  Grooved Spines  
  105  7:19  Drone  
  105  7:20  Drone  
  105  7:21  Overlord  
  107  7:25  Drone  
  107  7:26  Drone, Extractor  
  107  7:27  Zergling x2  
  107  7:28  Spore Crawler, Zergling x2  
  107  7:29  Zergling x2  
  110  7:32  Hydralisk x2  
  110  7:35  Drone, Overlord  
  115  7:40  Overlord  
  115  7:41  Zergling x2  
  115  7:43  Queen x2  
  120  7:44  Overlord, Hydralisk  
  120  7:47  Drone  
  120  7:48  Drone  
  120  7:49  Baneling  
  120  7:50  Baneling  
  124  7:54  Overlord, Hydralisk  
  124  7:58  Hydralisk  
  126  8:00  Overlord  
  126  8:02  Hydralisk  
  130  8:07  Hydralisk x2  
  130  8:10  Zergling x2  
  130  8:11  Hydralisk  
  136  8:13  Hydralisk  
  136  8:17  Zergling x2  
  136  8:19  Zergling x4  
  134  8:22  Drone x4  
  136  8:29  Zergling x2  
  136  8:30  Zergling x4  
  136  8:31  Drone  
  136  8:32  Drone x2  
  136  8:33  Drone x2  
  143  8:35  Muscular Augments  
  143  8:36  Hydralisk  
  143  8:38  Extractor  
  143  8:39  Zergling x2  
  143  8:41  Pneumatized Carapace  
  144  8:42  Zergling x2  
  144  8:43  Zergling x2  
  144  8:44  Zergling x2  
  144  8:47  Zergling x2  
  145  8:48  Zergling x2  
  145  8:51  Zergling x4  
  145  8:52  Zergling x4  
  145  8:53  Zergling x2  
  145  8:54  Baneling, Zergling x2  
  145  8:55  Baneling x2  
  147  9:04  Zergling x4  
  147  9:08  Zergling x2  
  147  9:09  Baneling x8, Zergling x2  
  151  9:10  Baneling x2, Hatchery  
  151  9:12  Zergling x2  
  150  9:27  Baneling  
  150  9:28  Baneling x10  
  146  9:50  Baneling  
  146  9:51  Baneling x16  
  132  9:57  Zergling x4  
  132  9:58  Zergling x38  
  148  10:02  Zergling x2  
Tags
 
Add a new tag
Caveats
  • Supply blocks, unpowered buildings, or Contaminate may cause inaccurate times.
  • Supply counts are checked every 10 seconds.